 Dungeon Crawl Stone Soup version 0.22-a0-803-gd6d8abe (webtiles) character file.

294151 seren the Impaler (level 19, -2/170 HPs)
             Began as a Demigod Wanderer on June 30, 2018.
             Slain by a deep troll (18 damage)
             ... led by an ironheart preserver
             ... on level 4 of the Vaults on July 22, 2018.
             The game lasted 05:15:59 (79914 turns).

seren the Impaler (Demigod Wanderer)               Turns: 79914, Time: 05:16:01

Health: -2/170     AC: 22    Str: 25    XL:     19   Next: 58%
Magic:  32/32      EV: 21    Int: 18    God:
Gold:   3244       SH:  0    Dex: 21    Spells: 19/30 levels left

rFire    + . .     SeeInvis +   a - +2 halberd (freeze)
rCold    . . .     Gourm    .   (shield currently unavailable)
rNeg     . . .     Faith    .   X - +4 ring mail of the Bagpipe {rElec Dex+3 SInv}
rPois    +         Spirit   .   L - +2 helmet {Int+3}
rElec    +         Reflect  .   Q - +2 cloak {MR+}
rCorr    .         Harm     .   T - +0 pair of gloves
MR       ++...                  B - +1 pair of boots
Stlth    +.........             W - amulet of regeneration
HPRegen  0.78/turn              V - ring of poison resistance
MPRegen  0.23/turn              J - ring of protection from fire

@: about to teleport, slowed, very slow
A: high mp 1
}: 1/15 runes: gossamer
a: no special abilities


You were on level 4 of the Vaults.
You were not hungry.

You visited 8 branches of the dungeon, and saw 39 of its levels.
You also visited: Bailey, Ice Cave and Wizlab.

You collected 4662 gold pieces.
You spent 1418 gold pieces at shops.

Inventory:

Hand Weapons
 a - a +2 halberd of freezing (weapon)
 b - a +0 hand crossbow of freezing
 k - a +0 antimagic trident
Missiles
 d - 8 needles of confusion
 e - 713 bolts
 O - a throwing net (quivered)
 Z - 5 needles of frenzy
Armour
 z - +0 shadow dragon scales
 B - a +1 pair of boots (worn)
 L - a +2 helmet of intelligence (worn)
 Q - a +2 cloak of magic resistance (worn)
 T - a +0 pair of gloves (worn)
 X - the +4 ring mail of the Bagpipe (worn) {rElec Dex+3 SInv}
   (You found it on level 15 of the Dungeon)

   It affects your dexterity (+3).
   It insulates you from electricity.
   It lets you see invisible.
Jewellery
 j - an uncursed ring of positive energy
 q - an uncursed ring of protection from magic
 w - an uncursed ring of flight
 I - an uncursed ring of resist corrosion
 J - a ring of protection from fire (right hand)
 V - a ring of poison resistance (left hand)
 W - an amulet of regeneration (around neck)
Wands
 c - a wand of iceblast (18)
 u - a wand of flame (52)
 v - a wand of acid (22)
 y - a wand of paralysis (35)
 C - a wand of digging (22)
 P - a wand of disintegration (19)
 S - a wand of clouds (8)
Scrolls
 m - 19 scrolls of remove curse
 x - 6 scrolls of identify
 A - a scroll of blinking {!r}
 E - 2 scrolls of magic mapping
 H - 5 scrolls of teleportation {!r}
 R - a scroll of enchant weapon
Potions
 f - 7 potions of curing
 i - 5 potions of agility
 l - 5 potions of cancellation
 o - a potion of berserk rage
 p - 2 potions of magic
 r - a potion of might
 t - a potion of haste
 D - 3 potions of flight
 F - 3 potions of resistance
 K - 3 potions of invisibility
 U - a potion of brilliance
Miscellaneous
 n - a fan of gales
 s - 2 sacks of spiders
 G - a lightning rod (4/4)
 M - a box of beasts
Comestibles
 g - 24 rations
 N - 2 chunks of flesh


   Skills:
 - Level 15.0 Fighting
   Level 1.7(13.0) Axes
   Level 1.7(2.1) Maces & Flails
 + Level 19.0 Polearms
 - Level 10.0 Crossbows
 - Level 1.0 Throwing
 - Level 12.0 Armour
 - Level 12.0 Dodging
   Level 1.0 Shields
 - Level 6.0 Spellcasting
 - Level 6.0 Hexes
 - Level 6.0 Charms
 - Level 2.0 Summonings
 - Level 3.0 Necromancy
 - Level 2.0 Translocations
 - Level 10.0 Evocations


You had 19 spell levels left.
You knew the following spells:

 Your Spells              Type           Power        Failure   Level  Hunger
a - Apportation           Tloc           ##....       7%          1    None
b - Summon Butterflies    Summ           ##......     7%          1    None
c - Portal Projectile     Hex/Tloc       ###...       10%         3    ##.....
d - Animate Skeleton      Necr           N/A          4%          1    None
e - Spectral Weapon       Hex/Chrm       ####....     4%          3    ##.....
s - Swiftness             Chrm/Air       ###.....     7%          2    None

Your spell library contained the following spells:

 Spells                   Type           Power        Failure   Level  Hunger
 Cause Fear               Hex            ####......   14%         4    ####...
 Conjure Flame            Conj/Fire      #.......     43%         3    ##.....
 Slow                     Hex            ####....     1%          2    None
 Confuse                  Hex            ####....     4%          3    ##.....
 Invisibility             Hex            ####....     91%         6    #######
 Throw Frost              Conj/Ice       #.....       24%         2    None
 Freezing Cloud           Conj/Ice/Air   #.........   100%        6    #######
 Mephitic Cloud           Conj/Pois/Air  #.......     43%         3    ##.....
 Ring of Flames           Chrm/Fire      ###.......   100%        7    #######
 Summon Small Mammal      Summ           ##..         7%          1    None
 Summon Horrible Things   Summ           ##........   100%        8    #######
 Animate Dead             Necr           N/A          43%         4    ####...
 Pain                     Necr           ###.         4%          1    None
 Vampiric Draining        Necr           ###.......   14%         3    ##.....
 Freeze                   Ice            #...         16%         1    None
 Summon Ice Beast         Ice/Summ       #.......     71%         4    ####...
 Ozocubu's Armour         Chrm/Ice       ###.....     14%         3    ##.....
 Call Imp                 Summ           ##......     11%         2    None
 Regeneration             Chrm/Necr      ###.......   8%          3    ##.....
 Tukima's Dance           Hex            ####....     4%          3    ##.....
 Summon Demon             Summ           ##........   89%         5    #####..
 Summon Greater Demon     Summ           ##........   100%        7    #######
 Recall                   Summ/Tloc      N/A          22%         3    ##.....
 Spider Form              Tmut/Pois      #.........   43%         3    ##.....
 Blade Hands              Tmut           #.........   99%         5    #####..
 Ice Form                 Ice/Tmut       #.......     85%         4    ####...
 Throw Icicle             Conj/Ice       #.......     85%         4    ####...
 Shadow Creatures         Summ           N/A          100%        6    #######
 Confusing Touch          Hex            ####..       1%          1    None
 Passwall                 Tmut/Erth      #.......     24%         2    None
 Sticks to Snakes         Tmut           #.......     24%         2    None
 Ensorcelled Hibernation  Hex/Ice        ###...       7%          2    None
 Metabolic Englaciation   Hex/Ice        ###.......   78%         5    #####..
 Corona                   Hex            ####...      1%          1    None
 Alistair's Intoxication  Tmut/Pois      #.......     99%         5    #####..
 Lee's Rapid Deconstruct  Erth           #.........   99%         5    #####..
 Monstrous Menagerie      Summ           ##........   100%        7    #######
 Petrify                  Tmut/Erth      #.......     85%         4    ####...
 Passage of Golubria      Tloc           N/A          56%         4    ####...
 Malign Gateway           Summ/Tloc      ##........   100%        7    #######
 Leda's Liquefaction      Hex/Erth       ###.......   43%         4    ####...
 Darkness                 Hex            ####......   91%         6    #######
 Shroud of Golubria       Chrm/Tloc      ###.......   4%          2    None
 Inner Flame              Hex/Fire       ###.....     14%         3    ##.....
 Aura of Abjuration       Summ           ##........   89%         5    #####..
 Beastly Appendage        Tmut           #.....       16%         1    None
 Dazzling Spray           Conj/Hex       ###...       14%         3    ##.....
 Infusion                 Chrm           ####         1%          1    None
 Song of Slaying          Chrm           ####....     1%          2    None
 Summon Forest            Summ/Tloc      ##........   89%         5    #####..
 Summon Mana Viper        Hex/Summ       ###.....     65%         5    #####..
 Gell's Gravitas          Tloc           ##........   22%         3    ##.....
 Yara's Violent Unravell  Hex/Tmut       ###.......   78%         5    #####..
 Lesser Beckoning         Tloc           ##........   22%         3    ##.....
 Poisonous Vapours        Pois/Air       #.....       24%         2    None


Dungeon Overview and Level Annotations

Branches:
Dungeon (15/15)            Temple (1/1) D:7            Lair (6/6) D:8
 Shoals (4/4) Lair:4       Spider (4/4) Lair:2        Slime (0/5) Lair:6
    Orc (2/2) D:11            Elf (3/3) Orc:2        Vaults (4/5) D:14
  Crypt (0/3) Vaults:3     Depths (0/5) D:15

Shops:
D:11 *   Orc:2 :![?   Elf:1 }   Elf:2 :

Portals:
Pandemonium: Orc:2
Trove: Elf:1 (give +5 ice dragon scales)

Annotations:
D:15 exclusions: ice statue, obsidian statue and orange crystal statue
Lair:5 exclusion: downstairs
Shoals:1 exclusion: skeleton
Shoals:2 exclusion: Roxanne, Roxanne
Shoals:3 exclusions: downstairs and upstairs, Aizul
Shoals:4 Ilsuiw
Spider:3 2 transporters, Runentil's ghost, journeyman DDGl
Elf:1 exclusion: downstairs
Elf:2 Azrael


Innate Abilities, Weirdness & Mutations

You have an increased reservoir of magic. (+10% MP)


Message History

You feel as though you will be slow longer.
You puncture the ironheart preserver! You freeze the ironheart preserver.
The ironheart preserver is heavily wounded.
The ironheart preserver hits you with a great mace!
* * * LOW HITPOINT WARNING * * *
The deep troll misses you. The deep troll barely misses you.
The deep troll misses you.
An orc comes into view.
The freezing wraith hits you!
* * * LOW HITPOINT WARNING * * *
The freezing wraith freezes you!!
* * * LOW HITPOINT WARNING * * *
The freezing wraith closely misses you.
You feel better. The deep troll earth mage misses you.
The deep troll earth mage completely misses you.
The deep troll earth mage claws you.
* * * LOW HITPOINT WARNING * * *
The ironheart preserver completely misses you.
The deep troll bites you!!
You die...

********,,,*,,*,,*
*,,,,,,*,,,*,o#*'*
*,,,,,,*,,,+,o,,,* ***
*,,,,,,*****o#**** ,,*
*,,,,,,',,,,.#,,,* ,,*
*,,,,,,####..+,,,* ,,*
*,,,,,,#.T#o.#,,,* ,,*
*,,,,,,#TpWp.#,,,* ,,*
*******#T@#..#**** +***
*,,,,,,####...+,,* ,,,*
*,,,,,,*,,*,..#,,* ,,,*
*,,,,,,*,,*,..#***
+*******,,,,,,**+**,..,,*
,,,,,,,*,,,,,,*,,,*'##+**
,,,,,,,*,,,,,,',,,*,,*,,*
,,,,,,,*,,,,,,*,,,',,*,,*
,,,,,,,',,,,,,*,,,*,,*,,*


You could see an ironheart preserver, an orc knight, 2 deep trolls, an ironbrand
convoker, a deep troll earth mage, a freezing wraith, an orc warrior, an orc
priest and an orc.

Vanquished Creatures
  Nikola (Spider:2)
  Jorgrun (Vaults:4)
  Rupert (Lair:4)
  Kirke (D:11)
  Frances (D:14)
  A sphinx (Vaults:1)
  A revenant (Vaults:3)
  A storm dragon (Vaults:4)
  A shadow dragon (Vaults:3)
  A fire giant (Vaults:3)
  A frost giant (IceCv)
  A deep elf sorcerer (Elf:1)
  An orc warlord (Orc:1)
  5 vault wardens
  5 emperor scorpions
  4 ghost moths
  5 ironheart preservers
  5 stone giants
  The ghost of Ijustatesigmund the Honourless, a journeyman HOFi of the Shining One (Orc:2)
  An entropy weaver (Spider:2)
  A deep elf demonologist (Elf:1)
  2 spark wasps (Spider:4)
  Snorg (Lair:5)
  An eidolon (Vaults:3)
  2 fire dragons
  A deep elf death mage (Elf:1)
  3 merfolk impalers
  4 hydras
  4 rakshasas
  2 ice dragons (Vaults:3)
  6 yaktaur captains
  The ghost of jamsan the Spear-Bearer, a journeyman MfMo of Yredelemnul (Lair:1)
  4 vault guards
  A merfolk avatar (Shoals:1)
  31 two-headed ogres
  A death knight (Vaults:3)
  3 centaur warriors
  11 dancing weapons
  6 death yaks
  8 death scarabs (Spider:4)
  7 ogre magi
  A tengu warrior (D:15)
  2 deep troll earth magi (Vaults:2)
  9 orc high priests
  Sonja (D:14)
  16 deep elf knights
  A skeletal warrior (Vaults:3)
  A spectral emperor scorpion (Spider:4)
  5 sea snakes
  A glowing orange brain (Vaults:3)
  An infernal demonspawn (Orc:2)
  6 wizards
  3 unseen horrors
  A sea snake (shapeshifter) (Vaults:1)
  A death drake (shapeshifter) (Vaults:3)
  2 torturous demonspawn (Orc:2)
  9 deep trolls
  17 deep elf archers
  A wolf spider zombie (Spider:4)
  6 ironbrand convokers
  6 harpies
  13 orc knights
  Pikel (D:9)
  4 spectral wolf spiders (Spider:4)
  12 ugly things
  66 deep elf magi
  A necromancer (Vaults:3)
  An orb spider (shapeshifter) (Vaults:1)
  9 orc sorcerers
  19 orb spiders
  30 wolf spiders
  4 manticores
  8 fauns
  3 moths of wrath
  A cyclops (shapeshifter) (Vaults:2)
  7 cyclopes
  12 elephants
  Maurice (D:8)
  2 rust devils (Orc:2)
  4 black mambas
  A water nymph (Shoals:1)
  7 vault sentinels
  3 rime drakes
  An ice statue (IceCv)
  A torpor snail (Lair:4)
  20 spiny frogs
  20 yaktaurs
  3 komodo dragons
  2 kobold demonologists (D:14)
  3 spectral redbacks (Spider:4)
  14 demonic crawlers
  An efreet (D:15)
  A tengu conjurer (D:15)
  3 freezing wraiths
  2 red devils (Orc:2)
  A queen bee (shapeshifter) (Vaults:1)
  3 wind drakes (Shoals:1)
  36 jumping spiders
  3 trolls
  19 polar bears
  11 merfolk
  9 hornets
  A troll (shapeshifter) (Vaults:3)
  5 spectral jumping spiders
  3 spectral tarantellas (Spider:4)
  4 tyrant leeches (Lair:6)
  3 dream sheep (Shoals:1)
  4 jumping spider zombies (Spider:4)
  19 slime creatures
  A raiju (shapeshifter) (Elf:1)
  3 tarantella zombies (Spider:4)
  21 blink frogs
  9 hippogriffs
  2 snapping turtles
  101 redbacks
  A wraith (D:14)
  A ynoxinul (Orc:2)
  40 tarantellas
  14 water elementals
  2 air elementals (Elf:2)
  A vampire (D:15)
  A yak (shapeshifter) (Vaults:3)
  4 wyverns
  A hog (D:12)
  A fire elemental (Elf:1)
  50 yaks
  A steam dragon (D:10)
  2 basilisks
  10 vampire mosquitoes
  A human (D:8)
  5 hungry ghosts
  A chaos spawn (Orc:2)
  7 wargs
  An acid dragon (shapeshifter) (Elf:2)
  2 acid dragons (Vaults:1)
  A swamp worm (shapeshifter) (Vaults:1)
  Duvessa (D:5)
  11 water moccasins
  16 porcupines
  57 orc warriors
  A spectral hornet (Spider:4)
  13 ice beasts
  A slave (D:9)
  An eye of draining (D:11)
  A black bear (D:8)
  4 sky beasts
  An eye of draining (shapeshifter) (Vaults:3)
  A necrophage (D:5)
  40 ogres
  5 phantoms
  21 wolves
  24 centaurs
  4 crocodiles
  A big kobold (D:13)
  27 bullfrogs
  A wyvern zombie (D:14)
  3 earth elementals (Elf:1)
  Dowan (D:5)
  6 scorpions
  2 wyvern skeletons
  A troll zombie (D:11)
  10 killer bees
  8 wights
  4 howler monkeys
  4 electric eels
  5 crimson imps
  2 centaur zombies
  8 hounds
  2 quasits
  2 bullfrog zombies
  3 jellies
  2 bullfrog skeletons (D:4)
  39 orc priests
  35 orc wizards
  7 centaur skeletons
  8 worker ants
  6 iguanas
  7 ogre zombies (D:11)
  A hound zombie (D:9)
  4 hound skeletons
  Robin (D:2)
  2 howler monkey zombies
  A gnoll (Bailey)
  A river rat (D:3)
  14 adders
  4 shadow imps
  2 oozes (D:1)
  An adder zombie (D:6)
  5 worms
  4 dart slugs
  2 leopard geckos
  119 orcs
  A ball python (D:2)
  8 giant cockroaches
  23 goblins
  10 hobgoblins
  23 kobolds
  5 quokkas
  5 bats
  12 frilled lizards
  A goblin skeleton (D:11)
  5 goblin zombies (D:11)
  A hobgoblin skeleton (D:11)
  3 hobgoblin zombies (D:11)
  2 orc skeletons (D:11)
  13 orc zombies (D:11)
  A quokka zombie (D:8)
  8 rats
  15 plants
1607 creatures vanquished.

Vanquished Creatures (collateral kills)
  Arachne (Spider:1)
  A vault warden (Vaults:3)
  A merfolk avatar (Shoals:3)
  A two-headed ogre (D:15)
  A deep elf mage (Elf:1)
  3 harpies (Shoals:3)
  3 fauns
  3 ugly things (Vaults:3)
  4 manticores
  A merfolk siren (Shoals:1)
  2 water nymphs (Shoals:3)
  A freezing wraith (Vaults:4)
  A troll (D:14)
  A wind drake (Shoals:2)
  5 merfolk
  A slime creature (Vaults:1)
  A snapping turtle (Shoals:2)
  A dream sheep (Shoals:1)
  3 water elementals
  A shadow (D:14)
  An orc warrior (Vaults:2)
  A centaur (Shoals:2)
  An orc (Vaults:3)
  2 plants
41 creatures vanquished.

Vanquished Creatures (others)
  An eldritch tentacle (Spider:4)
  A merfolk aquamancer (Shoals:2)
  3 humans (D:12)
  A black bear (D:12)
  An eye of draining (D:9)
  2 slaves (D:9)
  A centaur (D:8)
  A killer bee (D:12)
  A crimson imp (D:9)
  A worker ant (D:12)
  An adder (D:9)
  2 orcs (Orc:1)
  A kobold (Bailey)
  29 fungi
  72 plants
  19 spectral weapons
137 creatures vanquished.

Grand Total: 1785 creatures vanquished

Notes
Turn   | Place    | Note
-------+----------+-------------------------------------------
     0 | D:1      | seren the Demigod Wanderer began the quest for the Orb.
     0 | D:1      | seren set off with: 2 curare-tipped needles, a +2 blowgun, a +0 mace, a +0 hand crossbow, 23 bolts, a +0 robe, a ration
     0 | D:1      | Reached XP level 1. HP: 17/17 MP: 3/3
   571 | D:1      | Reached XP level 2. HP: 20/24 MP: 4/4
   623 | D:1      | Reached skill level 1 in Maces & Flails
   679 | D:1      | Found a sparkling altar of Nemelex Xobeh.
  1149 | D:1      | Reached XP level 3. HP: 29/29 MP: 5/5
  1515 | D:2      | Reached skill level 1 in Polearms
  1935 | D:2      | Reached XP level 4. HP: 37/37 MP: 6/6
  1962 | D:2      | Noticed Robin
  2097 | D:2      | Killed Robin
  2097 | D:2      | Reached skill level 2 in Polearms
  2918 | D:2      | Reached skill level 3 in Polearms
  2918 | D:2      | Reached XP level 5. HP: 35/45 MP: 7/7
  3321 | D:3      | Reached skill level 4 in Polearms
  4281 | D:3      | Reached XP level 6. HP: 50/51 MP: 8/8
  4669 | D:4      | Reached skill level 1 in Dodging
  4830 | D:4      | Reached skill level 1 in Evocations
  5333 | D:4      | Reached skill level 5 in Polearms
  5333 | D:4      | Reached XP level 7. HP: 53/57 MP: 9/11
  6003 | D:5      | Entered Level 5 of the Dungeon
  6261 | D:5      | Found an iron altar of Okawaru.
  6312 | D:5      | Reached skill level 6 in Polearms
  6594 | D:5      | Found a snail-covered altar of Cheibriados.
  6597 | D:5      | Found a stormy altar of Qazlal.
  6611 | D:5      | Found a hide-covered altar of Uskayaw.
  6614 | D:5      | Found a burning altar of Makhleb.
  6712 | D:5      | Got a jewelled long sword
  6713 | D:5      | Identified the +12 long sword "Hareedul" {speed, MR+} (You found it on level 5 of the Dungeon)
  6770 | D:5      | Got a warped leather armour
  6788 | D:5      | Identified the +1 leather armour of Duruler {Str+9} (You found it on level 5 of the Dungeon)
  6853 | D:5      | Noticed Dowan
  6869 | D:5      | Killed Dowan
  6869 | D:5      | Reached XP level 8. HP: 52/62 MP: 13/13
  6886 | D:5      | Noticed Duvessa
  6899 | D:5      | Killed Duvessa
  7184 | D:5      | Reached skill level 7 in Polearms
  7948 | D:5      | Reached skill level 8 in Polearms
  8539 | D:6      | Reached XP level 9. HP: 42/70 MP: 15/15
  9081 | D:7      | Found a staircase to the Ecumenical Temple.
  9219 | D:7      | Found a flagged portal.
  9227 | Bailey   | Entered a bailey
  9620 | Bailey   | Found a bloodstained altar of Trog.
  9828 | D:7      | Found a white marble altar of Elyvilon.
  9913 | D:7      | Found a shadowy altar of Dithmenos.
  9979 | D:7      | Reached skill level 5 in Evocations
 10339 | Temple   | Entered the Ecumenical Temple
 10389 | D:8      | Noticed a two-headed ogre
 10557 | D:7      | Reached skill level 9 in Polearms
 11231 | D:8      | Noticed a two-headed ogre
 11843 | D:7      | Killed a two-headed ogre
 12165 | D:8      | Reached XP level 10. HP: 76/78 MP: 18/18
 12397 | D:8      | Reached skill level 10 in Polearms
 12436 | D:8      | Killed a two-headed ogre
 12502 | D:8      | Noticed Maurice
 12680 | D:8      | Found a staircase to the Lair.
 12744 | D:8      | Killed Maurice
 12744 | D:8      | Reached skill level 11 in Polearms
 12884 | D:8      | Found a radiant altar of Vehumet.
 12885 | D:8      | Found a basalt altar of Yredelemnul.
 12920 | D:8      | Noticed a two-headed ogre
 12932 | D:8      | Killed a two-headed ogre
 13016 | D:8      | Noticed a two-headed ogre
 13025 | D:8      | Killed a two-headed ogre
 13025 | D:8      | Reached skill level 12 in Polearms
 13146 | Lair:1   | Entered Level 1 of the Lair of Beasts
 13431 | D:9      | Noticed Pikel
 13755 | D:9      | Killed Pikel
 13755 | D:9      | Reached skill level 5 in Fighting
 13832 | D:9      | Found a shattered altar of Ashenzari.
 13949 | D:9      | Reached XP level 11. HP: 88/88 MP: 19/19
 14334 | D:10     | Entered Level 10 of the Dungeon
 14547 | D:10     | Noticed a two-headed ogre
 14734 | D:10     | Killed a two-headed ogre
 16454 | D:11     | Noticed a two-headed ogre
 16473 | D:11     | Killed a two-headed ogre
 16509 | D:11     | Reached skill level 5 in Dodging
 16602 | D:11     | Reached skill level 5 in Armour
 16786 | D:11     | Found a staircase to the Orcish Mines.
 16983 | D:11     | Learned a level 1 spell: Apportation
 16985 | D:11     | Learned a level 1 spell: Summon Butterflies
 17315 | D:11     | Noticed a two-headed ogre
 17634 | D:11     | Found Kualepn's General Store.
 17644 | D:11     | Bought a +2 halberd of freezing for 268 gold pieces
 17810 | D:11     | Killed a two-headed ogre
 17827 | D:11     | Reached skill level 1 in Summonings
 17827 | D:11     | Reached skill level 1 in Translocations
 18090 | D:12     | Noticed Kirke
 18100 | D:12     | Reached skill level 1 in Spellcasting
 18116 | D:11     | Noticed a lindwurm
 18117 | D:11     | Killed Kirke
 18117 | D:11     | Reached XP level 12. HP: 88/104 MP: 20/20
 19041 | Lair:1   | Noticed jamsan's ghost (journeyman MfMo)
 19043 | Lair:1   | Found a runed door.
 20362 | Lair:2   | Found a hole to the Spider Nest.
 20735 | Orc:1    | Entered Level 1 of the Orcish Mines
 20735 | Orc:1    | Noticed a stone giant
 23843 | Lair:4   | Found a staircase to the Shoals.
 23843 | Lair:4   | Noticed Rupert
 23923 | Lair:3   | Reached XP level 13. HP: 109/113 MP: 21/21
 24053 | Lair:4   | Reached skill level 10 in Fighting
 24469 | Lair:4   | Reached skill level 13 in Polearms
 24488 | Lair:4   | Killed Rupert
 26480 | Lair:5   | Found an iron altar of Okawaru.
 26665 | Lair:5   | Noticed Snorg
 26683 | Lair:5   | Killed Snorg
 27012 | Lair:6   | Entered Level 6 of the Lair of Beasts
 27032 | Lair:6   | Found a frozen archway.
 27074 | IceCv    | Entered an ice cave
 28104 | IceCv    | Learned a level 3 spell: Portal Projectile
 28248 | IceCv    | Reached skill level 1 in Hexes
 28319 | IceCv    | Noticed a frost giant
 28359 | IceCv    | Killed a frost giant
 28569 | IceCv    | Reached skill level 14 in Polearms
 28675 | IceCv    | Found the +7 mace of Variability {chaos}
 29763 | Lair:5   | Reached XP level 14. HP: 98/121 MP: 24/24
 30270 | Lair:6   | Found a staircase to the Slime Pits.
 32305 | D:11     | Bought a scroll of teleportation for 42 gold pieces
 32305 | D:11     | Bought a potion of curing for 42 gold pieces
 32822 | Orc:2    | Entered Level 2 of the Orcish Mines
 32838 | Orc:2    | Found a roughly hewn altar of Beogh.
 33414 | Orc:2    | Noticed an orc warlord
 33474 | Orc:1    | Killed an orc warlord
 33720 | Orc:1    | Found a runed gate.
 33762 | Orc:1    | Noticed Ijustatesigmund's ghost (journeyman HOFi)
 33764 | Orc:1    | Found a runed gate.
 33764 | Orc:1    | Found a runed gate.
 33853 | Orc:1    | Found the +9 sword of Zonguldrok {reap}
 34906 | Orc:2    | Found Ute Wiov's Distillery.
 34911 | Orc:2    | Found Nerro's Magic Scroll Boutique.
 35344 | Orc:2    | Bought a scroll of teleportation for 48 gold pieces
 35344 | Orc:2    | Bought a scroll of fear for 56 gold pieces
 35346 | Orc:2    | Bought a potion of heal wounds for 70 gold pieces
 36366 | Orc:2    | Reached skill level 15 in Polearms
 37021 | Orc:2    | Found a staircase to the Elven Halls.
 37640 | Orc:2    | Reached skill level 10 in Armour
 37690 | Orc:2    | Found Lyaghoeffo's Antique Armour Shoppe.
 37690 | Orc:2    | Found Gaos's Book Emporium.
 37690 | Orc:2    | Found a one-way gate leading to the halls of Pandemonium.
 37697 | Orc:2    | Upgraded the game from 0.22-a0-570-g58866f5 to 0.22-a0-571-g4a923d4
 37919 | Orc:2    | Bought a book of Necromancy for 360 gold pieces
 37921 | Orc:2    | Learned a level 1 spell: Animate Skeleton
 38032 | Orc:1    | Reached skill level 10 in Dodging
 38900 | Orc:1    | Found a roughly hewn altar of Beogh.
 39093 | Orc:2    | Killed Ijustatesigmund's ghost
 39173 | Orc:2    | Bought 2 potions of heal wounds for 140 gold pieces
 39173 | Orc:2    | Bought a potion of heal wounds for 70 gold pieces
 39173 | Orc:2    | Bought a potion of haste for 140 gold pieces
 39173 | Orc:2    | Bought a potion of heal wounds for 70 gold pieces
 39173 | Orc:2    | Bought a potion of cancellation for 112 gold pieces
 39497 | Orc:1    | Reached XP level 15. HP: 130/130 MP: 25/25
 42531 | D:14     | Noticed Sonja
 42536 | D:14     | Killed Sonja
 42712 | D:13     | Reached skill level 1 in Necromancy
 43429 | D:14     | Noticed Frances
 43690 | D:14     | Killed Frances
 44273 | D:14     | Found a hazy altar of Hepliaklqana.
 44367 | D:14     | Found a gate to the Vaults.
 44833 | D:15     | Entered Level 15 of the Dungeon
 45705 | D:15     | Got a spiked ring mail
 45706 | D:15     | Identified the +4 ring mail of the Bagpipe {rElec Dex+3 SInv} (You found it on level 15 of the Dungeon)
 46095 | D:14     | Learned a level 2 spell: Swiftness
 46375 | D:15     | Found a staircase to the Depths.
 47021 | Shoals:1 | Entered Level 1 of the Shoals
 47415 | Shoals:2 | Noticed Roxanne
 48375 | Elf:1    | Entered Level 1 of the Elven Halls
 48455 | Elf:1    | Noticed an Executioner
 48738 | Elf:1    | Reached XP level 16. HP: 139/140 MP: 26/26
 49161 | Elf:1    | Identified the Disquisition on Companions
 50669 | Elf:1    | Found a portal to a secret trove of treasure.
 51270 | Elf:1    | Found Qyatoent's Gadget Shop.
 52667 | Elf:1    | Upgraded the game from 0.22-a0-571-g4a923d4 to 0.22-a0-587-g7d32d7c
 52834 | Elf:2    | Found Keexeumn's Book Boutique.
 54226 | Elf:1    | Reached skill level 5 in Crossbows
 55404 | Elf:2    | Learned a level 3 spell: Spectral Weapon
 55417 | Elf:3    | Entered Level 3 of the Elven Halls
 55575 | Elf:3    | Found a magical portal.
 55588 | WizLab   | Entered The Roulette of Golubria
 55588 | WizLab   | Found a transporter.
 55772 | Elf:2    | Reached skill level 1 in Charms
 56161 | Elf:2    | Found a runed gate.
 56161 | Elf:2    | Found a runed gate.
 56163 | Elf:2    | Found a runed gate.
 57210 | Elf:2    | Reached skill level 10 in Evocations
 57239 | Elf:2    | Noticed Azrael
 58089 | Lair:1   | Killed jamsan's ghost
 59362 | Shoals:2 | Reached XP level 17. HP: 140/149 MP: 28/28
 60129 | Shoals:4 | Entered Level 4 of the Shoals
 60129 | Shoals:4 | Noticed Ilsuiw
 60297 | Shoals:3 | Noticed Aizul
 60656 | Spider:1 | Entered Level 1 of the Spider Nest
 61516 | Spider:1 | Reached skill level 5 in Charms
 61551 | Spider:1 | Reached skill level 5 in Hexes
 61692 | Spider:1 | Reached skill level 5 in Spellcasting
 62648 | Spider:2 | Noticed Arachne
 62672 | Spider:1 | Killed Arachne
 63506 | Spider:2 | Noticed Nikola
 63520 | Spider:2 | Killed Nikola
 65329 | Spider:4 | Entered Level 4 of the Spider Nest
 65566 | Spider:3 | Reached skill level 10 in Crossbows
 65993 | Spider:3 | Noticed Runentil's ghost (journeyman DDGl)
 66000 | Spider:3 | Found a transporter.
 66125 | Spider:3 | Found a transporter.
 67639 | Spider:4 | Reached XP level 18. HP: 145/158 MP: 31/31
 70017 | Spider:4 | Reached skill level 16 in Polearms
 70903 | Spider:4 | Upgraded the game from 0.22-a0-587-g7d32d7c to 0.22-a0-596-gfbd32a6
 71204 | Spider:4 | Got a gossamer rune of Zot
 71575 | Vaults:1 | Entered Level 1 of the Vaults
 74684 | Vaults:1 | Reached skill level 15 in Fighting
 75146 | Vaults:2 | Reached skill level 17 in Polearms
 76345 | Vaults:3 | Reached XP level 19. HP: 165/170 MP: 28/32
 76713 | Vaults:3 | Found a staircase to the Crypt.
 77100 | Vaults:3 | Reached skill level 18 in Polearms
 77423 | Vaults:3 | Identified a scroll of acquirement
 77523 | Vaults:3 | Found a snail-covered altar of Cheibriados.
 79054 | Vaults:3 | Upgraded the game from 0.22-a0-596-gfbd32a6 to 0.22-a0-803-gd6d8abe
 79721 | Vaults:4 | Noticed Jorgrun
 79734 | Vaults:4 | Killed Jorgrun
 79734 | Vaults:4 | Reached skill level 19 in Polearms
 79914 | Vaults:4 | Slain by a deep troll

Vault maps used:
D:1:      erik_arrival_gehennom, nemelex_xobeh_ov_fountains_minmay
D:2:      first_ration, grunt_ministairs_10, st_stairs_14, minmay_tetromino_i2,
          uniq_robin
D:3:      lightli_sewer_entry_pipes, minmay_misc_feat_alley
D:5:      okawaru_ov_weapons_minmay, grunt_temple_overflow_cloverleaf,
          minmay_misc_feat_encased, uniq_duvessa
D:6:      st_stairs_1
D:7:      lemuel_doored_altar, minmay_temple_entry_metal_lava, enter_bailey_3,
          basic_altar
D:8:      gammafunk_temple_overflow_pools, due_lair_maze_entry_diamond,
          grunt_pizzeria, uniq_maurice
D:9:      evilmike_ruin_ashenzari, uniq_pikel
D:11:     zombieorc2_lemuel, serial_shops, shop
D:12:     lemuel_ogre_cave, grunt_ministairs_9, st_stairs_4, uniq_kirke
D:14:     david_vaults_5, basic_altar, uniq_frances, uniq_sonja
D:15:     grunt_enter_depths_magical_seal, corexii_leaking_fountain,
          minivault_16, david_greed
Temple:   dshaligram_water_room_temple
Lair:1:   beast_lair_carwin_large_4, hellmonk_ghost_happy_afterlife
Lair:2:   spider_nest_entry_rubble
Lair:3:   beast_lair_carwin_1
Lair:4:   minmay_shoals_entry_centaurs, uniq_rupert
Lair:5:   lemuel_centaur_altar, uniq_snorg
Lair:6:   minmay_lair_end_frog_pond, minmay_slime_entry_pillars,
          nicolae_volcano_entry_hallway, portal_ice_cave_entry_ice_beasts,
          grunt_forest_stairs_basic
Shoals:2: uniq_roxanne
Shoals:3: uniq_aizul, uniq_polyphemus
Shoals:4: shoals_end_simple, shoal_ilsuiw
Spider:2: uniq_arachne, uniq_nikola
Spider:3: gammafunk_ghost_arena
Spider:4: floodkiller_spider_rune_tomb, spider_trap
Orc:1:    gammafunk_ghost_split, minmay_orc_temple_c
Orc:2:    pf_orc_diabolical, basic_altar, nicolae_orc_lava_tube
Elf:1:    serial_shops, nicolae_shop_trees, nicolae_trove_entry_crystal,
          minmay_elf_demonology
Elf:2:    serial_shops, shop_fountains, grunt_ministairs_1, uniq_azrael
Elf:3:    minmay_elf_hall, mu_enter_wizlab_2
Vaults:1: hangedman_vaults_maws, nicolae_vaults_gold_heap,
          grunt_vaults_diagonal, hangedman_vaults_restitches, v_misc_5,
          vaults_room_pool
Vaults:2: v_misc_4, nicolae_vaults_little_squares_2, v_pattern_1,
          vaults_dpeg_cross, nicolae_vaults_big_ls, vaults_room_fancy_cross,
          v_misc_22, vaults_mumra_lcd, nicolae_vaults_shelves_hall,
          vaults_dpeg_diagonal
Vaults:3: nicolae_vaults_specimen_jars, grunt_vaults_swirl,
          nicolae_vaults_little_squares_6, vaults_room_octagon, st_more_cells,
          nicolae_vaults_border_crossing, ontoclasm_vaults_chip, v_pattern_4,
          minmay_crypt_entry_simple_statues, nicolae_vaults_mini_display_case,
          ontoclasm_vaults_spin, nicolae_vaults_angled_halls, v_misc_17,
          vaults_dpeg_hooks, basic_altar
Vaults:4: v_rooms_5, vaults_room_grunt_arrival_ludios, v_alt_pattern_1,
          v_rooms_6, v_misc_5, v_rooms_2, ontoclasm_vaults_eye, st_spiral_rooms,
          nicolae_vaults_theta, ontoclasm_vaults_shuriken,
          ontoclasm_vaults_idyll, serial_shops, nicolae_shop_waterfront,
          uniq_jorgrun
Bailey:   bailey_axe_3, bailey
IceCv:    ice_cave_small_giant
WizLab:   wizlab_golubria

Skill      XL: |  1  2  3  4  5  6  7  8  9 10 11 12 13 14 15 16 17 18 19 |
---------------+----------------------------------------------------------+-----
Fighting       | 2 3 4 5 9 10 11 12 13 15 | 15.0
Armour         | 2 3 4 6 8 10 11 12 | 12.0
Maces & Flails | 1 |  1.7
Polearms       | 1 3 4 5 6 8 9 12 14 15 17 19 | 19.0
Dodging        | 1 2 3 4 6 8 10 12 | 12.0
Evocations     | 1 3 4 6 8 10 | 10.0
Summonings     | 1 2 |  2.0
Translocations | 1 2 |  2.0
Spellcasting   | 1 2 3 4 6 |  6.0
Hexes          | 2 3 4 6 |  6.0
Necromancy     | 3 |  3.0
Crossbows      | 2 7 10 | 10.0
Charms         | 3 6 |  6.0
Axes           | |  1.7
Throwing       | |  1.0
Shields        | |  1.0

Action                   |  1- 3 |  4- 6 |  7- 9 | 10-12 | 13-15 | 16-18 | 19-21 || total
-------------------------+-------+-------+-------+-------+-------+-------+-------++-------
Melee: Mace              |    50 |       |       |       |       |       |       ||    50
       Spear             |    56 |   293 |   607 |   860 |     4 |       |       ||  1820
       Halberd           |       |       |       |   344 |  1882 |  2713 |   567 ||  5506
       Demon trident     |       |       |       |       |   122 |       |       ||   122
       Trident           |       |       |       |       |    86 |    53 |       ||   139
 Fire: Hand crossbow     |       |     3 |    29 |    16 |    69 |   278 |     7 ||   402
       Blowgun           |       |       |       |       |    14 |     2 |       ||    16
Throw: Tomahawk          |       |       |     5 |       |       |       |       ||     5
 Cast: Summon Butterflie |       |       |       |       |     2 |       |       ||     2
       Animate Skeleton  |       |       |       |       |    23 |    76 |    42 ||   141
       Apportation       |       |       |       |       |     3 |    25 |     1 ||    29
       Spectral Weapon   |       |       |       |       |       |    40 |     9 ||    49
       Swiftness         |       |       |       |       |       |     3 |       ||     3
       Portal Projectile |       |       |       |       |       |     8 |     1 ||     9
Evoke: Wand              |       |     2 |    12 |    21 |    44 |    22 |     4 ||   105
       Sack of spiders   |       |       |       |       |     5 |     3 |       ||     8
       Box of beasts     |       |       |       |       |       |     1 |     1 ||     2
       Lightning rod     |       |       |       |       |       |     2 |       ||     2
  Use: Scroll            |       |     6 |     8 |    16 |    17 |    11 |     8 ||    66
       Potion            |       |       |     8 |       |    19 |    10 |     6 ||    43
 Stab: Paralysed         |       |     7 |    35 |    63 |     5 |       |       ||   110
       Sleeping          |       |       |     1 |     1 |     2 |     1 |       ||     5
       Distracted        |       |       |       |     3 |     2 |     9 |     5 ||    19
  Eat: Chunk             |     3 |     8 |    21 |    32 |    68 |    68 |    13 ||   213
       Ration            |       |     1 |     1 |     3 |     4 |     7 |       ||    16
Armor: Robe              |     2 |       |       |       |       |       |       ||     2
       Ring mail         |    19 |    61 |    35 |       |    72 |  1018 |   100 ||  1305
       Leather armour    |       |       |   100 |   132 |   333 |       |       ||   565
Dodge: Dodged            |    43 |   104 |   268 |   385 |  1245 |  2145 |   331 ||  4521
Block: Other             |     5 |    14 |    33 |    29 |    89 |    20 |       ||   190
       Reflection        |     1 |     1 |     4 |     5 |     4 |     6 |       ||    21

Table legend:
 A = Spawn XP
 B = Non-spawn XP
 C = Spawn XP percentage of total XP
 D = Spawn monster count
 E = Non-spawn monster count
 F = Spawn count percentage of total count
 G = Total turns spent on level
                    A         B        C        D         E        F      G
               +---------+---------+-------+---------+---------+-------+---------
         Total |       0 |  515378 |   0.0 |       0 |    1634 |   0.0 | 79914
               +---------+---------+-------+---------+---------+-------+---------
           D:1 |       0 |      63 |   0.0 |       0 |      30 |   0.0 |  1686
           D:2 |       0 |     168 |   0.0 |       0 |      36 |   0.0 |  1332
           D:3 |       0 |     323 |   0.0 |       0 |      30 |   0.0 |  2073
           D:4 |       0 |     811 |   0.0 |       0 |      25 |   0.0 |  1285
           D:5 |       0 |    1423 |   0.0 |       0 |      31 |   0.0 |  2278
           D:6 |       0 |     793 |   0.0 |       0 |      20 |   0.0 |  1144
           D:7 |       0 |    2465 |   0.0 |       0 |      36 |   0.0 |  2621
           D:8 |       0 |    6099 |   0.0 |       0 |      32 |   0.0 |  1197
           D:9 |       0 |    2470 |   0.0 |       0 |      29 |   0.0 |  1372
          D:10 |       0 |    5029 |   0.0 |       0 |      40 |   0.0 |  2820
          D:11 |       0 |   13183 |   0.0 |       0 |      79 |   0.0 |  2682
          D:12 |       0 |   13087 |   0.0 |       0 |      56 |   0.0 |  1880
          D:13 |       0 |    8491 |   0.0 |       0 |      33 |   0.0 |  1778
          D:14 |       0 |   18085 |   0.0 |       0 |      38 |   0.0 |  2053
          D:15 |       0 |   14640 |   0.0 |       0 |      31 |   0.0 |  1650
        Lair:1 |       0 |    8358 |   0.0 |       0 |      31 |   0.0 |  1997
        Lair:2 |       0 |    6413 |   0.0 |       0 |      18 |   0.0 |  2116
        Lair:3 |       0 |    3898 |   0.0 |       0 |      18 |   0.0 |  1345
        Lair:4 |       0 |   14882 |   0.0 |       0 |      36 |   0.0 |  2327
        Lair:5 |       0 |    6230 |   0.0 |       0 |      25 |   0.0 |  2255
        Lair:6 |       0 |   15624 |   0.0 |       0 |      58 |   0.0 |  2203
      Shoals:1 |       0 |   15674 |   0.0 |       0 |      39 |   0.0 |  1572
      Shoals:2 |       0 |    8725 |   0.0 |       0 |      27 |   0.0 |   992
      Shoals:3 |       0 |    6119 |   0.0 |       0 |      17 |   0.0 |   450
      Spider:1 |       0 |   27715 |   0.0 |       0 |      83 |   0.0 |  2774
      Spider:2 |       0 |   18849 |   0.0 |       0 |      48 |   0.0 |  1807
      Spider:3 |       0 |   19826 |   0.0 |       0 |      48 |   0.0 |  1783
      Spider:4 |       0 |   49576 |   0.0 |       0 |     107 |   0.0 |  4063
         Orc:1 |       0 |    5676 |   0.0 |       0 |      55 |   0.0 |  1798
         Orc:2 |       0 |   25997 |   0.0 |       0 |     115 |   0.0 |  6666
         Elf:1 |       0 |   42054 |   0.0 |       0 |      69 |   0.0 |  5737
         Elf:2 |       0 |   19879 |   0.0 |       0 |      34 |   0.0 |  1770
         Elf:3 |       0 |     306 |   0.0 |       0 |       3 |   0.0 |   120
      Vaults:1 |       0 |   33822 |   0.0 |       0 |      53 |   0.0 |  2590
      Vaults:2 |       0 |   20781 |   0.0 |       0 |      37 |   0.0 |  1835
      Vaults:3 |       0 |   56474 |   0.0 |       0 |      99 |   0.0 |  3089
      Vaults:4 |       0 |   11315 |   0.0 |       0 |      16 |   0.0 |   363
        Bailey |       0 |     428 |   0.0 |       0 |      16 |   0.0 |   517
         IceCv |       0 |    9627 |   0.0 |       0 |      36 |   0.0 |  1830
               +---------+---------+-------+---------+---------+-------+---------
